Map: [ESL] Ghost River

Players

Dolan

  • Race: Terran Terran
  • Spawn Location: 1:00

trigger - Winner!

  • Race: Protoss Protoss
  • Spawn Location: 11:00

Event: ESL SC2 Masters 2024 Spring (Regional)

VOD

Have the link to the VOD?

Description

Time

  • Played on: April 12, 2024, 4:37 p.m.
  • Length: 10:18

All games in this series

Show
View Real Time Build Order
Export as new Build Order

Dolan Terran 

Build Orders: Cyclone Opening 

Get SALT Encoding   

  12  0:00  SCV  
  13  0:12  SCV  
  14  0:17  Supply Depot  
  14  0:24  SCV  
  15  0:39  SCV  
  16  0:43  Barracks  
  16  0:45  Refinery  
  16  0:51  SCV  
  16  0:55  Refinery  
  17  1:03  SCV  
  18  1:10  Supply Depot  
  18  1:15  SCV  
  19  1:30  Reaper  
  19  1:32  Orbital Command  
  20  1:48  Factory  
  20  1:57  SCV  
  21  2:03  Barracks Reactor  
  21  2:10  SCV  
  22  2:24  SCV  
  22  2:26  Command Center  
  23  2:34  Cyclone  
  23  2:36  SCV  
  26  2:41  Marine  
  26  2:42  Marine  
  28  2:48  SCV  
  28  2:49  Supply Depot  
  29  2:59  Marine  
  29  3:00  Marine  
  31  3:07  Factory Tech Lab  
  31  3:08  Barracks  
  31  3:10  SCV  
  32  3:17  Marine x2  
  34  3:24  SCV  
  35  3:28  Siege Tank  
  35  3:30  Barracks  
  38  3:36  SCV  
  38  3:40  Marine  
  38  3:41  Marine  
  41  3:53  SCV  
  42  3:59  Barracks Tech Lab  
  42  4:01  Orbital Command  
  42  4:04  Marine x2  
  42  4:05  SCV  
  42  4:07  Supply Depot  
  45  4:15  Siege Tank  
  48  4:19  Stimpack, Barracks Tech Lab  
  48  4:20  Marine  
  48  4:23  SCV  
  49  4:32  Marine x2  
  49  4:34  SCV  
  49  4:35  Supply Depot, SCV  
  53  4:41  Marine x2  
  53  4:42  Combat Shield  
  55  4:48  SCV x2  
  57  4:54  Siege Tank  
  57  4:55  Marine x2  
  57  4:58  Supply Depot  
  62  5:04  Marauder x2  
  66  5:07  SCV  
  66  5:08  SCV  
  66  5:13  Marine x2  
  70  5:18  Engineering Bay, Refinery  
  70  5:22  SCV  
  70  5:23  SCV  
  70  5:28  Supply Depot  
  72  5:35  SCV x2  
  72  5:37  Marine  
  72  5:38  Marine, Marauder x2  
  78  5:47  Factory Reactor  
  78  5:48  Starport  
  79  5:50  SCV x2  
  79  6:02  SCV x2  
  79  6:11  Missile Turret  
  75  6:14  SCV x2  
  71  6:20  Marine x4  
  73  6:31  Orbital Command  
  59  6:55  SCV  
  55  7:06  Orbital Command  
  55  7:07  SCV  
  42  7:19  SCV  
  42  7:32  SCV x2, Barracks  
  42  7:34  Barracks, Factory Reactor  
  43  7:39  Missile Turret  
  43  7:44  SCV x2  
  44  7:48  Missile Turret  
  44  7:51  Marine x2, Marauder x2  
  44  7:52  Medivac x2  
  44  7:56  SCV x2  
  56  8:05  Ghost Academy  
  56  8:08  SCV x2  
  57  8:13  Terran Infantry Weapons Level 1  
  57  8:14  Refinery  
  57  8:20  SCV x2  
  59  8:29  Barracks Reactor  
  59  8:30  Marine x2  
  59  8:31  Marine x3  
  59  8:33  SCV x2  
  66  8:37  Supply Depot  
  60  8:53  SCV  
  60  8:54  SCV  
  62  9:04  Ghost x2  
  62  9:06  Marine x4  
  62  9:09  Marauder  
  68  9:31  SCV x2  
  69  9:33  Marine, Ghost  
  69  9:34  Marine  
  73  9:43  Marine x2  
  77  9:46  Widow Mine x2  
Show
View Real Time Build Order
Export as new Build Order

trigger Protoss - Winner!

Build Orders: 1 Gate Expand, Blink Stalkers 

Get SALT Encoding   

  12  0:00  Probe  
  13  0:12  Probe  
  14  0:18  Pylon  
  14  0:24  Probe (Chrono Boost)  
  15  0:38  Probe (Chrono Boost)  
  15  0:40  Gateway  
  16  0:44  Probe (Chrono Boost)  
  16  0:48  Assimilator  
  17  0:55  Probe  
  18  1:07  Probe  
  19  1:19  Probe  
  20  1:27  Cybernetics Core  
  20  1:35  Nexus  
  20  1:39  Probe  
  21  1:46  Pylon  
  21  1:52  Assimilator  
  21  1:56  Probe  
  22  2:01  Adept (Chrono Boost)  
  22  2:05  Warp Gate  
  24  2:09  Probe  
  24  2:21  Stalker (Chrono Boost), Probe  
  27  2:33  Probe  
  28  2:39  Twilight Council  
  28  2:45  Probe  
  28  2:48  Stalker  
  28  2:49  Probe  
  32  2:57  Probe  
  33  3:00  Gateway  
  33  3:05  Probe  
  34  3:07  Shield Battery  
  34  3:09  Blink (Chrono Boost)  
  34  3:11  Probe  
  35  3:19  Probe  
  36  3:23  Probe  
  37  3:32  Probe  
  37  3:34  Robotics Facility  
  38  3:37  Probe  
  39  3:44  Probe  
  39  3:46  Gateway  
  40  3:49  Probe  
  41  3:55  Stalker x2  
  41  3:59  Pylon  
  45  4:04  Probe  
  45  4:08  Pylon  
  46  4:16  Assimilator  
  46  4:17  Probe  
  46  4:19  Stalker x2  
  46  4:21  Probe  
  52  4:29  Probe, Warp Prism (Chrono Boost)  
  53  4:37  Probe  
  56  4:41  Dark Shrine  
  56  4:42  Pylon  
  56  4:53  Probe x2  
  56  4:57  Stalker x2  
  62  5:01  Stalker  
  62  5:03  Pylon  
  64  5:15  Nexus  
  64  5:24  Probe x2  
  66  5:35  Charge  
  66  5:36  Gateway, Probe x2  
  66  5:37  Gateway  
  68  5:45  Shield Battery  
  68  5:46  Stalker  
  68  5:48  Probe  
  70  5:55  Shield Battery  
  70  5:56  Dark Templar x2  
  74  6:02  Immortal (Chrono Boost)  
  68  6:07  Probe  
  68  6:09  Probe  
  74  6:13  Dark Templar  
  76  6:19  Probe  
  76  6:21  Probe  
  74  6:29  Dark Templar  
  74  6:32  Zealot x3  
  74  6:42  Immortal (Chrono Boost)  
  74  6:45  Zealot  
  70  6:50  Probe x2  
  63  6:55  Zealot x3  
  58  7:02  Zealot  
  58  7:04  Probe  
  58  7:05  Probe  
  55  7:15  Probe (Chrono Boost)  
  56  7:16  Dark Templar  
  56  7:18  Probe (Chrono Boost)  
  56  7:19  Probe (Chrono Boost)  
  56  7:21  Pylon  
  60  7:27  Probe (Chrono Boost)  
  60  7:29  Probe x2 (Chrono Boost), Pylon  
  63  7:31  Probe (Chrono Boost)  
  63  7:34  Probe  
  63  7:36  Probe  
  65  7:41  Probe  
  67  7:46  Robotics Bay, Probe  
  67  7:48  Probe, Pylon  
  67  7:53  Probe  
  68  7:58  Probe  
  68  8:00  Probe  
  68  8:01  Immortal (Chrono Boost)  
  68  8:03  Pylon  
  68  8:05  Sentry, Probe  
  76  8:10  Probe  
  78  8:13  Probe  
  78  8:15  Zealot x3  
  78  8:16  Shield Battery  
  85  8:20  Zealot  
  85  8:24  Gateway  
  87  8:31  Colossus (Chrono Boost)  
  93  8:34  Shield Battery  
  93  8:40  Zealot x3  
  99  8:48  Pylon  
  97  9:00  Gateway, Forge  
  97  9:03  Zealot x2  
  97  9:04  Zealot x2  
  105  9:11  Colossus (Chrono Boost)  
  111  9:20  Pylon  
  111  9:22  Zealot  
  111  9:23  Zealot  
  111  9:38  Probe x3  
  114  9:43  Assimilator x2  
  114  9:49  Sentry, Zealot x4  
  114  9:50  Probe, Pylon  
  114  9:51  Pylon  
  123  10:00  Zealot  
  125  10:10  Zealot x5  
Tags
 
Add a new tag
Caveats
  • Supply blocks, unpowered buildings, or Contaminate may cause inaccurate times.
  • Supply counts are checked every 10 seconds.